 Dungeon Crawl Stone Soup version 0.30-a0-989-g0d87f670db (webtiles) character file.

Game seed: 18422055759547175810

76 mopl the Sneak (level 4, -5/29 HPs)
             Began as an Octopode Brigand on Apr 3, 2023.
             Constricted to death by Sigmund (7 damage)
             ... on level 3 of the Dungeon.
             The game lasted 00:02:44 (1523 turns).

mopl the Sneak (Octopode Brigand)                   Turns: 1523, Time: 00:02:44

Health: -5/29      AC:  1    Str: 10    XL:     4   Next: 32%
Magic:  5/5        EV:  9    Int: 15    God:
Gold:   233        SH:  0    Dex: 13    Spells: 1/5 levels left

rFire   . . .      SeeInvis .    a - +2 dagger
rCold   . . .      Faith    .    (no shield)
rNeg    . . .      Spirit   .    (helmet restricted)
rPois   .          Reflect  .    (no amulet)
rElec   .          Rampage  .    e - ring of resist corrosion
rCorr   +                        (no ring)
Will    .....                    (no ring)
Stlth   ++++                     (no ring)
HPRegen 0.24/turn                (no ring)
MPRegen 0.09/turn                (no ring)
                                 (no ring)
                                 (no ring)

@: grasped by roots, constricted
A: almost no armour, amphibious, 8 rings, camouflage 1, gelatinous body 1,
(nimble swimmer 1), tentacles
a: no special abilities


You were on level 3 of the Dungeon.
You visited 1 branch of the dungeon, and saw 3 of its levels.

You collected 233 gold pieces.

Inventory:

Hand Weapons
 a - a +2 dagger (weapon)
Missiles
 b - 5 poisoned darts (quivered)
 c - a curare-tipped dart
 h - 4 javelins
Jewellery
 e - a ring of resist corrosion (left tentacle)
Scrolls
 g - 2 scrolls of teleportation {unknown}
 i - 2 scrolls of vulnerability {unknown}
 j - 2 scrolls of identify {unknown}
 k - 2 scrolls of fog {unknown}
 l - a scroll of blinking {unknown}
 m - a scroll of acquirement {unknown}
 n - a scroll of amnesia {unknown}
 q - a scroll of poison {unknown}
 r - a scroll of enchant armour {unknown}
Potions
 d - a potion of mutation {unknown}
 f - a potion of heal wounds {unknown}
 o - a potion of resistance {unknown}
 p - a potion of berserk rage {unknown}


   Skills:
 - Level 2.0 Fighting
 + Level 2.7 Short Blades
 + Level 2.7 Throwing
 - Level 1.0 Dodging
 + Level 5.9 Stealth
 + Level 1.1 Spellcasting
 * Level 1.2 Hexes
 + Level 0.1 Transmutations
 + Level 0.0 Earth Magic


You had one spell level left.
You knew the following spells:

 Your Spells              Type           Power      Damage    Failure   Level
b - Ensorcelled Hibernat  Hex/Ice        4%         N/A       28%         2
p - Passwall              Tmut/Erth      0%         N/A       34%         2

Your spell library contained the following spells:

 Spells                   Type           Power      Damage    Failure   Level
 Shock                    Conj/Air       0%         1d3       24%         1
 Swiftness                Air            0%         N/A       58%         3


Dungeon Overview and Level Annotations

Branches:
Dungeon (3/15)

Altars:
Xom

Annotations:
D:3 Sigmund


Innate Abilities, Weirdness & Mutations

You cannot wear most types of armour.
You are amphibious.
You can wear up to eight rings at the same time.
Your skin changes colour to match your surroundings (Stealth+).
Your rubbery body absorbs attacks. (AC +1, EV +1)
((You are camouflaged when in or above water. (Stealth+)))
You have tentacles for arms and can constrict up to eight enemies at once.


Message History

Sigmund is poisoned.
Sigmund convulses.
Sigmund seems to slow down.
Sigmund is moderately wounded.
Okay, then.
You throw a poisoned dart.
The poisoned dart closely misses Sigmund.
You throw a poisoned dart. The poisoned dart hits Sigmund.
Sigmund is heavily wounded.
You throw a poisoned dart.
The poisoned dart barely misses Sigmund.
Sigmund zaps a wand.
The roots erupt in riotous growth!
The grasping roots grab you! The grasping roots constrict you!
Unknown command.
You escape the roots grasp.
Sigmund gestures at you while chanting. The puff of flame hits you!
You are too injured to fight recklessly!
Sigmund casts a spell at you.
You are confused.
Sigmund looks more healthy.
You feel less confused.
Throw: 2 darts (curare)
Press: ? - help, Shift-Dir - straight line, f/p - Sigmund
Aim: Sigmund, wielding a +0 scythe, wearing a +0 robe and carrying a wand of roots (3) (severely wounded, slow, 55% to hit)
You throw a curare-tipped dart. The curare-tipped dart hits Sigmund.
Sigmund is poisoned.
Sigmund convulses.
Sigmund seems to be slow for longer.
Sigmund is almost dead.
Sigmund zaps a wand.
The roots erupt in riotous growth!
The grasping roots grab you! The grasping roots constrict you!
* * * LOW HITPOINT WARNING * * *
Unknown command.
The roots grasp on you weakens, but your attempt to escape fails.
The dart slug launches a dart at you. The slug dart hits you.
* * * LOW HITPOINT WARNING * * *
The grasping roots constrict you!
You die...

# #........####.###.# #
#........'........######
#
#........#####.##.<.....
#
#........##..........)#
#
+........##...........#
#........##......)....#
#....<...##...........#
#........##...........#
###########...@.......#
#...........#
#......@....#
#...........#
#...........#####
#........w..##..
###########.##.#
#(##.#### #.(.@...#


You could see Sigmund (very poisoned, slow) and a dart slug.

Vanquished Creatures
  3 adders (D:2)
  A worm (D:2)
  2 dart slugs
  An orc (D:3)
  An endoplasm (D:1)
  5 giant cockroaches
  3 goblins
  A hobgoblin (D:2)
  7 kobolds
  2 quokkas
  5 ball pythons
  4 bats
  3 frilled lizards (D:1)
  4 rats
42 creatures vanquished.

Notes
Turn   | Place    | Note
-------+----------+-------------------------------------------
     0 | D:1      | mopl the Octopode Brigand began the quest for the Orb.
     0 | D:1      | Reached XP level 1. HP: 14/14 MP: 1/1
   206 | D:1      | Reached XP level 2. HP: 19/19 MP: 2/2
   528 | D:1      | Learned a level 2 spell: Ensorcelled Hibernation
   616 | D:2      | Found a faded altar of an unknown god.
   624 | D:2      | Got Plato's Commentary on Ozone
   650 | D:2      | Found a shimmering altar of Xom.
   712 | D:2      | Reached XP level 3. HP: 24/24 MP: 4/4
   787 | D:2      | Reached skill level 1 in Spellcasting
  1056 | D:2      | Reached skill level 1 in Hexes
  1102 | D:2      | Reached XP level 4. HP: 20/29 MP: 5/5
  1361 | D:3      | Learned a level 2 spell: Passwall
  1500 | D:3      | Noticed Sigmund
  1523 | D:3      | Constricted to death by Sigmund

Illustrated notes

Levels and vault maps discovered:
D:1:      onia_arrival_pentagram, layout_loops_ring, minmay_misc_feat_rows
D:2:      layout_loops_corners, basic_altar, shapermc_ecumenical_altar_rom_forum
D:3:      layout_basic, uniq_sigmund, uniq_robin

Skill      XL: |  1  2  3 |
---------------+----------+-----
Spellcasting   | 1 |  1.1
Hexes          | 1 |  1.2
Fighting       | |  2.0
Short Blades   | |  2.7
Throwing       | |  2.7
Dodging        | |  1.0
Stealth        | |  5.9
Transmutations | |  0.1

Action                     |  1- 3 |  4- 6 || total
---------------------------+-------+-------++-------
  Melee: Dagger            |    66 |    14 ||    80
         Constrict         |    13 |     4 ||    17
         Tentacles         |    12 |     1 ||    13
         Punch             |     1 |       ||     1
  Throw: Dart              |     2 |     5 ||     7
   Stab: Sleeping          |     9 |     1 ||    10
 Armour: Skin              |     6 |     2 ||     8
  Dodge: Dodged            |    34 |     5 ||    39

Table legend: (Time is in decaauts)
 A = Elapsed time spent in this place.
 B = Non-inter-level travel time spent in this place.
 C = Inter-level travel time spent in this place.
 D = Time resting spent in this place.
 E = Time spent auto-exploring this place.
 F = Levels seen in this place.
 G = Mean time per level.
                   A        B        C        D        E       F      G
               +--------+--------+--------+--------+--------+-----+--------+
         Total |   1510 |   1452 |     58 |      0 |   1150 |   3 |  503.3 |
       Dungeon |   1510 |   1452 |     58 |      0 |   1150 |   3 |  503.3 |
               +--------+--------+--------+--------+--------+-----+--------+

Top non-repeatable levels by time:
     D:2: 764 daAuts
     D:1: 582 daAuts
     D:3: 163 daAuts
